 Dungeon Crawl Stone Soup version 0.31-a0-176-g91f28db67f (webtiles) character file.

Game seed: 8478629233842763127

12 Elmgren the Chopper (level 2, -1/24 HPs)
             Began as a Human Berserker on June 18, 2023.
             Was a Follower of Trog.
             Slain by a jackal (2 damage)
             ... on level 1 of the Dungeon.
             The game lasted 00:00:22 (76 turns).

Elmgren the Chopper (Human Berserker)                 Turns: 76, Time: 00:00:23

Health: -1/24      AC:  2    Str: 17    XL:     2   Next: 45%
Magic:  2/2        EV: 12    Int:  7    God:    Trog [*.....]
Gold:   0          SH:  0    Dex: 12    Spells: 1/1 levels left

rFire   . . .        a - +0 hand axe
rCold   . . .        (no shield)
rNeg    . . .        b - +0 animal skin
rPois   .            (no helmet)
rElec   .            (no cloak)
rCorr   .            (no gloves)
SInv    .            (no boots)
Will    .....        (no amulet)
Stlth   +            (no ring)
HPRegen 0.24/turn    (no ring)
MPRegen 0.08/turn

%: no passive effects
@: no status effects
A: no striking features
a: Renounce Religion, Berserk


You were on level 1 of the Dungeon.
You worshipped Trog.
Trog was aware of your devotion.
You visited 1 branch of the dungeon, and saw 1 of its levels.

Inventory:

Hand Weapons
 a - a +0 hand axe (weapon)
Armour
 b - a +0 animal skin (worn)


   Skills:
 + Level 3.3 Fighting
 + Level 3.3 Axes
 - Level 2.0 Armour
 - Level 2.0 Dodging


You had one spell level left.
You didn't know any spells.
Your spell library was empty.

Dungeon Overview and Level Annotations

Branches:
Dungeon (1/15)

Altars:


Message History

A jackal comes into view.
The jackal closely misses you.
Things that are here:
a +0 whip; a kobold corpse
There are monsters nearby!
You hit the jackal but do no damage. You completely miss the jackal.
The jackal closely misses you.
The jackal bites you but does no damage.
The jackal closely misses you. The jackal bites you.
There are monsters nearby!
You hit the jackal but do no damage. You hit the jackal. x2
You kill the jackal!
Trog accepts your kill. The jackal barely misses you. The jackal bites you. x2
There are monsters nearby!
The jackal completely misses you. The jackal bites you.
The jackal bites you but does no damage.
The jackal bites you. The jackal barely misses you.
Things that are here:
a +0 dagger; a jackal corpse; a goblin corpse The jackal attacks as you move away!
The jackal bites you.
* * * LOW HITPOINT WARNING * * *
The jackal closely misses you. The jackal bites you.
* * * LOW HITPOINT WARNING * * *
You closely miss the jackal.
The jackal is heavily wounded.
You hit the jackal. The jackal bites you.
* * * LOW HITPOINT WARNING * * *
The jackal closely misses you. The jackal barely misses you.
You hit the jackal but do no damage.
The jackal is heavily wounded.
You closely miss the jackal. You hit the jackal.
The jackal closely misses you. x2
The jackal barely misses you. x2
You closely miss the jackal.
The jackal is heavily wounded.
You closely miss the jackal. You hit the jackal but do no damage.
The jackal bites you.
* * * LOW HITPOINT WARNING * * *
The jackal barely misses you. The jackal bites you.
You die...

#..# #..# #..#
###..## ..... .
###...###...
#...........
#.#.#.@h#
......hh)##
......#.))#########
#####.#.#†........#
### #
#...#.....#.#...
##.##)###.#.#.# #.
#.#..†....#
#.##.#.#.#.#.# #.
#.......).#


You could see 3 jackals.

Vanquished Creatures
  A giant cockroach (D:1)
  2 goblins (D:1)
  A jackal (D:1)
  2 kobolds (D:1)
  3 bats (D:1)
  2 rats (D:1)
11 creatures vanquished.

Notes
Turn   | Place    | Note
-------+----------+-------------------------------------------
     0 | D:1      | Elmgren the Human Berserker began the quest for the Orb.
     0 | D:1      | Reached XP level 1. HP: 18/18 MP: 1/1
    29 | D:1      | Reached XP level 2. HP: 11/24 MP: 2/2
    76 | D:1      | HP: 1/24 [jackal (3)]
    76 | D:1      | Slain by a jackal

Illustrated notes

Levels and vault maps discovered:
D:1:      dpeg_arrival_tiny_a, layout_loops_ring,
          shapermc_ecumenical_altar_mp_highgroup, serial_shops,
          nicolae_shop_rolling_square

Action                     || total
---------------------------++-------
  Melee: Hand axe          ||    22
         Punch             ||     1
 Armour: Animal skin       ||     6
  Dodge: Dodged            ||    29

Table legend: (Time is in decaauts)
 A = Elapsed time spent in this place.
 B = Non-inter-level travel time spent in this place.
 C = Inter-level travel time spent in this place.
 D = Time resting spent in this place.
 E = Time spent auto-exploring this place.
 F = Levels seen in this place.
 G = Mean time per level.
                   A        B        C        D        E       F      G
               +--------+--------+--------+--------+--------+-----+--------+
         Total |     79 |     79 |      0 |      6 |     23 |   1 |   79.0 |
       Dungeon |     79 |     79 |      0 |      6 |     23 |   1 |   79.0 |
               +--------+--------+--------+--------+--------+-----+--------+

Top non-repeatable levels by time:
     D:1: 79 daAuts
